 Dungeon Crawl Stone Soup version 0.27.1-3-gb3d3a73c9e (webtiles) character file.

Game seed: 18300145805183708294

90 pkoi the Slasher (level 4, 0/39 HPs)
             Began as a Minotaur Fighter on Oct 19, 2021.
             Slain by a jackal (2 damage)
             ... on level 3 of the Dungeon.
             The game lasted 00:02:12 (2222 turns).

pkoi the Slasher (Minotaur Fighter)                 Turns: 2222, Time: 00:02:12

Health: 0/39       AC:  6    Str: 22    XL:     4   Next: 32%
Magic:  3/3        EV:  7    Int:  5    God:
Gold:   63         SH:  9    Dex:  9    Spells: 3/3 levels left

rFire    . . .     SeeInvis .   a - +0 long sword
rCold    . . .     Faith    .   c - +0 kite shield
rNeg     . . .     Spirit   .   b - +0 scale mail
rPois    .         Reflect  .   (helmet restricted)
rElec    .         Harm     .   (no cloak)
rCorr    .         Rampage  .   (no gloves)
Will     .....                  (no boots)
Stlth    ..........             (no amulet)
HPRegen  0.13/turn              (no ring)
MPRegen  0.08/turn              (no ring)

@: no status effects
A: horns 2, retaliatory headbutt
a: no special abilities


You were on level 3 of the Dungeon.
You visited 1 branch of the dungeon, and saw 4 of its levels.

You collected 63 gold pieces.

Inventory:

Hand Weapons
 a - a +0 long sword (weapon)
Armour
 b - a +0 scale mail (worn)
 c - a +0 kite shield (worn)
Scrolls
 e - 2 scrolls of magic mapping {unknown}
 f - a scroll of silence {unknown}
 g - 4 scrolls of identify {unknown}
 h - a scroll of fear {unknown}
 j - a scroll of vulnerability {unknown}
Potions
 d - a potion of might
 i - a potion of lignification {unknown}


   Skills:
 - Level 3.6 Fighting
 * Level 4.8 Long Blades
 - Level 3.6 Armour
 + Level 4.6 Shields


You had 3 spell levels left.
You didn't know any spells.
Your spell library contained the following spells:

 Spells                   Type           Power      Damage    Failure   Level
 Pain                     Necr           0%         1d4       99%         1
 Ozocubu's Armour         Ice            0%         N/A       100%        3
 Summon Guardian Golem    Hex/Summ       0%         N/A       100%        3
 Tukima's Dance           Hex            0%         N/A       100%        3
 Passage of Golubria      Tloc           N/A        N/A       100%        4
 Agony                    Necr           0%         N/A       100%        5
 Excruciating Wounds      Necr           0%         N/A       100%        5
 Yara's Violent Unravell  Hex/Tmut       0%         3d3       100%        5
 Orb of Destruction       Conj           0%         N/A       100%        7
 Ozocubu's Refrigeration  Ice            0%         4d5       100%        7
 Spellforged Servitor     Conj/Summ      0%         N/A       100%        7


Dungeon Overview and Level Annotations

Branches:
Dungeon (4/15)
 Temple: D:4-7

Altars:

Shops:
D:2 *

Annotations:
D:3 Robin, Sigmund
D:4 Ijyb


Innate Abilities, Weirdness & Mutations

You have a pair of horns on your head.
You reflexively headbutt those who attack you in melee.


Message History

You closely miss the jackal.
The jackal is lightly wounded.
The jackal bites you but does no damage.
The jackal bites you.
* * * LOW HITPOINT WARNING * * *
You block the jackal's attack.
You hit the jackal but do no damage.
The jackal is lightly wounded.
You block the jackal's attack.
The jackal bites you but does no damage.
You block the jackal's attack.
Your shield and scale mail prevent you from hitting the jackal.
The jackal is lightly wounded.
The jackal closely misses you.
You riposte.
You closely miss the jackal. You headbutt the jackal.
You kill the jackal!
The jackal barely misses you.
You barely miss the jackal.
The jackal is lightly wounded.
You feel yourself speed up. The jackal bites you.
* * * LOW HITPOINT WARNING * * *
You block the jackal's attack. x2; The jackal bites you.
* * * LOW HITPOINT WARNING * * *
You closely miss the jackal.
The jackal is lightly wounded.
You block the jackal's attack.
The jackal bites you but does no damage.
You hit the jackal. Your headbutt misses the jackal.
The jackal is moderately wounded.
You block the jackal's attack.
You closely miss the jackal.
You headbutt the jackal, but do no damage.
The jackal is moderately wounded.
The jackal bites you but does no damage.
You block the jackal's attack.
You hit the jackal but do no damage. Your headbutt misses the jackal.
The jackal is moderately wounded.
The jackal bites you.
You die...

#.......####
#...<.......
#........###
#........# #+#
#.....<..#
..####........#
................!
..###.........####
...............h@#
..#.#.#.##########
....# #. ...#...
....... .......
....#+# ....#
....#


You could see a jackal.

Vanquished Creatures
  Natasha (D:4)
  3 adders
  A worm (D:2)
  3 bats
  3 endoplasms
  2 giant cockroaches
  8 goblins
  A hobgoblin (D:2)
  3 jackals
  2 kobolds
  A quokka (D:1)
  3 ball pythons
  2 rats
33 creatures vanquished.

Notes
Turn   | Place    | Note
-------+----------+-------------------------------------------
     0 | D:1      | pkoi the Minotaur Fighter began the quest for the Orb.
     0 | D:1      | Reached XP level 1. HP: 19/19 MP: 0/0
   439 | D:1      | Reached XP level 2. HP: 26/26 MP: 1/1
  1138 | D:2      | Found Zerycrepp's General Store.
  1215 | D:2      | Reached XP level 3. HP: 31/31 MP: 2/2
  1413 | D:2      | Found a faded altar of an unknown god.
  2062 | D:3      | Noticed Sigmund
  2153 | D:3      | Noticed Robin
  2170 | D:3      | Noticed Natasha
  2189 | D:3      | Noticed Ijyb
  2189 | D:3      | Paralysed by Ijyb for 4 turns
  2199 | D:4      | Killed Natasha
  2199 | D:4      | Paralysed by Ijyb for 4 turns
  2200 | D:4      | Reached XP level 4. HP: 18/39 MP: 3/3
  2218 | D:3      | HP: 1/39 [jackal (1)]
  2222 | D:3      | Slain by a jackal

Illustrated notes

Levels and vault maps discovered:
D:1:      elethiomel_arrival_maze, layout_basic, serial_bayou_lake_a
D:2:      layout_loops_ring, hellmonk_ecumenical_altar_lost_god, serial_rivers,
          chequers_serial_rivers_marsh, chequers_serial_rivers_small_b,
          chequers_serial_rivers_micro_c, chequers_serial_rivers_large_b,
          serial_shops, nicolae_shop_temple_entry_statues_fountains,
          roderic_roman_lattice, minmay_misc_feat_tower
D:3:      layout_basic, mainiacjoe_overflow_chevrons, eino_tiny_chamber,
          minmay_goblin_outpost, uniq_natasha, uniq_ijyb, uniq_robin,
          uniq_sigmund
D:4:      layout_basic, grunt_temple_overflow_diamond,
          nicolae_ossuary_entry_false_entrances, serial_shops, kennysheep_mini,
          ebering_dispersal_statue_hall

Skill      XL: |  1  2  3 |
---------------+----------+-----
Long Blades    | 3 4 |  4.8
Shields        | 4 |  4.6
Fighting       | |  3.6
Armour         | |  3.6

Action                   |  1- 3 |  4- 6 || total
-------------------------+-------+-------++-------
Melee: Long sword        |    62 |    14 ||    76
       Headbutt          |     6 |     3 ||     9
Armor: Scale mail        |    30 |    29 ||    59
Dodge: Dodged            |    33 |    15 ||    48
Block: Kite shield       |    39 |    22 ||    61
       Rpst.: Long sword |     8 |     5 ||    13
